 Dungeon Crawl Stone Soup version 0.21.0-24-g2553a33 (webtiles) character file.

2450 Suckerboh the Destroyer (level 9, -10/47 HPs)
             Began as a Deep Elf Fire Elementalist on Jan 20, 2018.
             Was a Follower of Vehumet.
             Killed from afar by tidbits's ghost (29 damage)
             ... with a flame tongue
             ... on level 8 of the Dungeon.
             The game lasted 00:14:34 (8126 turns).

Suckerboh the Destroyer (DEFE)                      Turns: 8126, Time: 00:14:35

Health: -10/47     AC:  2    Str:  5      XL:     9   Next: 25%
Magic:  1/23       EV: 14    Int: 24      God:    Vehumet [*.....]
Gold:   164        SH:  0    Dex: 14 (15) Spells: 10/25 levels left

rFire    . . .     SeeInvis .   a - +1 dagger (drain)
rCold    . . .     Gourm    .   (no shield)
rNeg     . . .     Faith    .   x - -1 robe (curse)
rPois    .         Spirit   .   m - +0 helmet
rElec    .         Reflect  .   (no cloak)
rCorr    .         Harm     .   (no gloves)
MR       .....     Rnd*Tele +   (no boots)
Stlth    ++........             (no amulet)
HPRegen  0.15/turn              B - ring of teleportation (curse)
MPRegen  0.18/turn              (no ring)

@: no status effects
A: no striking features
a: Renounce Religion


You were on level 8 of the Dungeon.
You worshipped Vehumet.
Vehumet was aware of your devotion.
You were hungry.

You visited 2 branches of the dungeon, and saw 9 of its levels.

You collected 401 gold pieces.
You spent 237 gold pieces at shops.

Inventory:

Hand Weapons
 a - a +1 dagger of draining (weapon)
Missiles
 l - 6 curare-tipped needles
Armour
 m - a +0 helmet (worn)
 x - a cursed -1 robe (worn)
 y - a +0 robe
 F - a +0 robe of cold resistance
 J - a +0 robe of magic resistance
Jewellery
 z - an uncursed ring of stealth {unknown}
 B - a cursed ring of teleportation (left hand)
 H - a +3 ring of strength {unknown}
Wands
 D - a wand of flame (15)
Scrolls
 e - 16 scrolls of identify {unknown}
 f - 2 scrolls of enchant weapon {unknown}
 g - 4 scrolls of blinking {unknown}
 h - 3 scrolls of fog {unknown}
 i - 2 scrolls of fear {unknown}
 n - 8 scrolls of teleportation {unknown}
 o - 7 scrolls of remove curse {unknown}
 r - 2 scrolls of random uselessness {unknown}
 t - a scroll of noise {unknown}
 w - 2 scrolls of immolation {unknown}
 A - a scroll of amnesia {unknown}
Potions
 d - 3 potions of curing {unknown}
 j - 4 potions of degeneration {unknown}
 k - a potion of berserk rage {unknown}
 p - a potion of heal wounds {unknown}
 q - a potion of magic {unknown}
 s - a potion of cancellation {unknown}
 u - 2 potions of might {unknown}
 v - 2 potions of agility
 C - a potion of brilliance {unknown}
 E - a potion of flight {unknown}
Books
 b - a book of Flames

   Spells                             Type                      Level
   a - Flame Tongue                   Conjuration/Fire             1
   b - Throw Flame                    Conjuration/Fire             2
   c - Conjure Flame                  Conjuration/Fire             3
   d - Inner Flame                    Hexes/Fire                   3
   e - Sticky Flame                   Conjuration/Fire             4
   f - Fireball                       Conjuration/Fire             5
 G - a book of Frost

   Spells                             Type                      Level
   a - Freeze                         Ice                          1
   b - Throw Frost                    Conjuration/Ice              2
   c - Ozocubu's Armour               Charms/Ice                   3
   d - Throw Icicle                   Conjuration/Ice              4
   e - Summon Ice Beast               Ice/Summoning                4
Comestibles
 c - 8 rations
 I - 5 chunks of flesh


   Skills:
 + Level 1.5 Fighting
 + Level 4.1 Dodging
 - Level 2.4 Stealth
 + Level 8.8 Spellcasting
 * Level 9.0 Conjurations
 + Level 7.3 Fire Magic


You had 10 spell levels left.
You knew the following spells:

 Your Spells              Type           Power        Failure   Level  Hunger
a - Flame Tongue          Conj/Fire      #####        1%          1    None
b - Conjure Flame         Conj/Fire      #####...     1%          3    None
c - Sticky Flame          Conj/Fire      #####...     1%          4    ##.....
d - Fireball              Conj/Fire      #####.....   5%          5    ####...
e - Throw Frost           Conj/Ice       ####..       1%          2    None


Dungeon Overview and Level Annotations

Branches:
Dungeon (8/15)             Temple (1/1) D:6
   Lair: D:8-11

Altars:
Ashenzari
Cheibriados
Dithmenos
Elyvilon
Fedhas
Gozag
Hepliaklqana
Kikubaaqudgha
Makhleb
Nemelex Xobeh
Okawaru
Qazlal
Ru
Sif Muna
Trog
Uskayaw
Vehumet
Wu Jian
Xom
Yredelemnul
Zin
The Shining One

Shops:
D:5 *

Annotations:
D:8 tidbits's ghost, novice GnFE


Message History

Confirm with . or Enter, or press ? or * to list all spells.
Aiming: Fireball
Press: ? - help, Shift-Dir - straight line, f/p - tidbits's ghost
Aim: tidbits's ghost, wielding a weapon of electrocution (heavily damaged)
The fireball explodes!
The fireball engulfs tidbits's ghost.
Tidbits's ghost is almost destroyed.
Tidbits's ghost gestures at you while chanting.
The puff of flame hits you!
Casting: Fireball
Confirm with . or Enter, or press ? or * to list all spells.
Aiming: Fireball
Press: ? - help, Shift-Dir - straight line, f/p - tidbits's ghost
Aim: tidbits's ghost, wielding a weapon of electrocution (almost destroyed)
The fireball explodes!
The fireball engulfs tidbits's ghost.
Tidbits's ghost is almost destroyed.
You are feeling hungry.
Tidbits's ghost points at you and mumbles some strange words.
The flame tongue hits you!
Ouch! That really hurt!
You die...

#.###.#.#.##.#
#|###.........
#.......#.....
#.#######.#... #.#
#.##.# #####.#####
#..... #.........#
####.# #.###.###.# ##+#
#@###.# #.# ##...
#§##..###.# ##....
#W##.#.##.###.....
≈≈♣###.##....#.##......
♣............).'......
≈..######.#...####......
##.#<## ##..... #.###
##.... #.# #.....


You could see tidbits's ghost.

Vanquished Creatures
  A hungry ghost (D:7)
  A sky beast (D:5)
  An ogre (D:8)
  A necrophage (D:4)
  A phantom (D:7)
  The ghost of p0werm0de the Slasher, an amateur HuCK of Xom (D:3)
  3 centaurs
  4 bullfrogs (D:6)
  8 wights
  A quasit (D:7)
  A crimson imp (D:7)
  A jelly (D:7)
  8 orc wizards
  4 orc priests
  5 hounds
  An iguana (D:8)
  5 worker ants
  A hound zombie (D:6)
  2 hound skeletons
  14 adders
  4 shadow imps
  3 adder skeletons
  2 worms
  7 leopard geckos
  23 orcs
  4 ball pythons
  5 bats
  3 giant cockroaches
  5 hobgoblins
  4 jackals
  8 kobolds
  2 quokkas
  5 frilled lizards
  6 goblins
  2 leopard gecko skeletons
  16 rats
163 creatures vanquished.

Notes
Turn   | Place    | Note
-------+----------+-------------------------------------------
     0 | D:1      | Suckerboh the Deep Elf Fire Elementalist began the quest for the Orb.
     0 | D:1      | Reached XP level 1. HP: 10/10 MP: 6/6
   107 | D:1      | Reached XP level 2. HP: 13/15 MP: 1/8
   556 | D:1      | Reached XP level 3. HP: 19/19 MP: 3/10
   864 | D:2      | Found a faded altar of an unknown god.
   961 | D:2      | Reached skill level 2 in Conjurations
  1124 | D:2      | Reached XP level 4. HP: 21/24 MP: 6/11
  1149 | D:2      | Learned a level 3 spell: Conjure Flame
  1293 | D:2      | Learned a level 4 spell: Sticky Flame
  1368 | D:2      | HP: 1/24 [poisoned by an adder]
  2248 | D:3      | Reached skill level 3 in Conjurations
  2280 | D:3      | Noticed p0werm0de's ghost (amateur HuCK)
  2708 | D:3      | Killed p0werm0de's ghost
  2708 | D:3      | Reached skill level 4 in Conjurations
  2708 | D:3      | Reached XP level 5. HP: 20/28 MP: 2/13
  2798 | D:3      | Learned a level 5 spell: Fireball
  3262 | D:4      | Reached skill level 5 in Spellcasting
  3262 | D:4      | Reached XP level 6. HP: 32/32 MP: 12/15
  3364 | D:4      | Reached skill level 5 in Fire Magic
  3810 | D:4      | Reached skill level 5 in Conjurations
  3810 | D:4      | Reached XP level 7. HP: 31/36 MP: 11/17
  4245 | D:5      | Entered Level 5 of the Dungeon
  4638 | D:5      | Reached skill level 6 in Conjurations
  5402 | D:5      | Found Xaytappo's Assorted Antiques.
  5410 | D:5      | Found a transporter.
  5412 | D:5      | Bought a scroll labeled NUBUGEABEU for 35 gold pieces
  5412 | D:5      | Bought a scroll labeled CIONERIXTY for 35 gold pieces
  5412 | D:5      | Bought a scroll labeled NUBUGEABEU for 35 gold pieces
  5412 | D:5      | Bought a scroll labeled CIONERIXTY for 35 gold pieces
  5412 | D:5      | Bought a scroll labeled WOENLE EJUFAL for 35 gold pieces
  5412 | D:5      | Bought a viscous green potion for 31 gold pieces
  5412 | D:5      | Bought an orange potion for 31 gold pieces
  5429 | D:5      | Found a transporter.
  5701 | D:5      | Reached XP level 8. HP: 12/42 MP: 13/20
  6457 | D:6      | Found a staircase to the Ecumenical Temple.
  6468 | Temple   | Entered the Ecumenical Temple
  6511 | Temple   | Became a worshipper of Vehumet
  6663 | D:6      | Reached skill level 7 in Conjurations
  6985 | D:6      | Reached skill level 1 in Fighting
  7003 | D:6      | Reached skill level 8 in Conjurations
  7216 | D:7      | Learned a level 2 spell: Throw Frost
  7322 | D:7      | Reached XP level 9. HP: 47/47 MP: 11/23
  7428 | D:7      | Reached * piety under Vehumet
  7428 | D:7      | Offered knowledge of Shock by Vehumet.
  7597 | D:7      | Found a shattered altar of Ashenzari.
  8002 | D:8      | Reached skill level 9 in Conjurations
  8112 | D:8      | Noticed tidbits's ghost (novice GnFE)
  8126 | D:8      | Killed from afar by tidbits's ghost

Skill      XL: |  1  2  3  4  5  6  7  8  9 |
---------------+----------------------------+-----
Fire Magic     | 4 5 6 7 |  7.3
Conjurations   | 2 4 5 6 8 9 |  9.0
Spellcasting   | 4 5 7 8 |  8.8
Dodging        | 3 4 |  4.1
Fighting       | 1 |  1.5
Stealth        | |  2.4

Action                   |  1- 3 |  4- 6 |  7- 9 || total
-------------------------+-------+-------+-------++-------
Melee: Unarmed           |     8 |     7 |       ||    15
       Dagger            |       |     2 |    27 ||    29
 Cast: Flame Tongue      |    65 |   142 |   156 ||   363
       Conjure Flame     |       |     2 |     1 ||     3
       Sticky Flame      |       |       |    19 ||    19
       Fireball          |       |       |     3 ||     3
       Throw Frost       |       |       |     3 ||     3
 Stab: Sleeping          |     1 |       |     1 ||     2
  Eat: Chunk             |       |     9 |    11 ||    20
       Ration            |       |       |     1 ||     1
Armor: Robe              |     8 |     9 |    10 ||    27
Dodge: Dodged            |    25 |    32 |    94 ||   151
